 Dungeon Crawl Stone Soup version 0.25-a0-566-g062765be81 (webtiles) character file.

Game seed: 15433391274589948266, levelgen mode: deterministic

78 Flugslaktarn the Covered (level 4, 0/40 HPs)
             Began as a Minotaur Fighter on Feb 27, 2020.
             Slain by a hippogriff (5 damage)
             ... on level 4 of the Dungeon.
             The game lasted 00:00:25 (1010 turns).

Flugslaktarn the Covered (Minotaur Fighter)         Turns: 1010, Time: 00:00:26

Health: 0/40       AC:  7    Str: 21    XL:     4   Next: 15%
Magic:  3/3        EV:  7    Int:  5    God:
Gold:   91         SH:  9    Dex: 10    Spells: 3/3 levels left

rFire    . . .     SeeInvis .   a - +0 war axe
rCold    . . .     Gourm    .   c - +0 kite shield
rNeg     . . .     Faith    .   b - +0 scale mail
rPois    .         Spirit   .   (helmet restricted)
rElec    .         Reflect  .   (no cloak)
rCorr    .         Harm     .   (no gloves)
MR       .....                  (no boots)
Stlth    ..........             (no amulet)
HPRegen  0.13/turn              (no ring)
MPRegen  0.08/turn              (no ring)

@: no status effects
A: retaliatory headbutt, horns 2
a: no special abilities


You were on level 4 of the Dungeon.
You were not hungry.

You visited 1 branch of the dungeon, and saw 4 of its levels.

You collected 91 gold pieces.

Inventory:

Hand Weapons
 a - a +0 war axe (weapon)
Armour
 b - a +0 scale mail (worn)
 c - a +0 kite shield (worn)
Jewellery
 k - an uncursed amulet of regeneration {unknown}
   (You found it on level 3 of the Dungeon)
Scrolls
 f - a scroll of fear {unknown}
 i - a scroll of fog {unknown}
 l - 2 scrolls of teleportation {unknown}
 m - 2 scrolls of amnesia {unknown}
Potions
 d - 2 potions of might
 h - 2 potions of degeneration {unknown}
 j - a potion of cancellation {unknown}
Comestibles
 e - 2 rations


   Skills:
 + Level 4.2 Fighting
 * Level 3.8 Axes
 + Level 4.2 Armour
 + Level 4.2 Shields


You had 3 spell levels left.
You didn't know any spells.
Your spell library was empty.

Dungeon Overview and Level Annotations

Branches:
Dungeon (4/15)
 Temple: D:4-7

Altars:
Vehumet


Innate Abilities, Weirdness & Mutations

You reflexively headbutt those who attack you in melee.
You have a pair of horns on your head.


Message History

You are too injured to fight recklessly!
You are too injured to fight recklessly!
You are too injured to fight recklessly!
You are too injured to fight recklessly!
You are too injured to fight recklessly!
Unknown command.
You slash the hippogriff! You headbutt the hippogriff.
The hippogriff is almost dead.
You block the hippogriff's attack. The hippogriff barely misses you.
The hippogriff claws you but does no damage.
You barely miss the hippogriff.
The hippogriff is almost dead.
The hippogriff bites you but does no damage.
The hippogriff pecks you but does no damage.
The hippogriff claws you.
* * * LOW HITPOINT WARNING * * *
The hippogriff bites you.
* * * LOW HITPOINT WARNING * * *
The hippogriff pecks you.
You die...

#.
#.######
#......#
#......#
#......#
#......#
#..H...#
#@# #.#
#<# #.#
#.# #.#
..# .##
.


You could see a hippogriff.

Vanquished Creatures
  An orc wizard (D:3)
  3 adders
  A leopard gecko (D:2)
  2 orcs (D:3)
  2 giant cockroaches
  2 hobgoblins
  4 jackals (D:3)
  2 kobolds
  A quokka (D:2)
  2 bats
  A frilled lizard (D:1)
  3 rats
24 creatures vanquished.

Notes
Turn   | Place    | Note
-------+----------+-------------------------------------------
     0 | D:1      | Flugslaktarn the Minotaur Fighter began the quest for the
                  | Orb.
     0 | D:1      | Reached XP level 1. HP: 19/19 MP: 0/0
   197 | D:2      | Reached XP level 2. HP: 25/27 MP: 1/1
   286 | D:2      | Reached XP level 3. HP: 21/33 MP: 2/2
   676 | D:3      | Reached XP level 4. HP: 29/40 MP: 3/3
   804 | D:3      | Found a radiant altar of Vehumet.
  1003 | D:4      | Noticed a hippogriff
  1010 | D:4      | Slain by a hippogriff

Levels and vault maps discovered:
D:1:      roderic_crop_circles_arrival_small, layout_basic, serial_park_tiny_2,
          minmay_tetromino_o4
D:2:      layout_basic, serial_glass, glass_columns_a, glass_columns_c
D:3:      cheibrodos_old_hovel, layout_basic, fiery_altar_vehumet,
          nicolae_qazlal_eye_of_the_storm, lemuel_coloured_pillars_altar,
          first_ration, mrwooster_statue_mirror
D:4:      layout_rooms, minmay_temple_entry_junction

Skill      XL: |  1  2 |
---------------+-------+-----
Axes           | 3 |  3.8
Shields        | 4 |  4.2
Fighting       | 4 |  4.2
Armour         | 4 |  4.2

Action                   |  1- 3 |  4- 6 || total
-------------------------+-------+-------++-------
Melee: War axe           |    50 |    10 ||    60
       Headbutt          |    11 |     2 ||    13
Armor: Scale mail        |    14 |    11 ||    25
Dodge: Dodged            |    14 |     6 ||    20
Block: Kite shield       |    34 |     7 ||    41

Table legend:
 A = Non-vault XP
 B = Vault XP
 C = Vault XP percentage of total XP
 D = Non-vault monster count
 E = Vault monster count
 F = Vault count percentage of total count
                 A         B        C        D         E       F
            +---------+---------+-------+---------+---------+-------
      Total |     110 |       2 |   1.8 |      23 |       1 |   4.2
            +---------+---------+-------+---------+---------+-------
        D:1 |       2 |       0 |   0.0 |       2 |       0 |   0.0
        D:2 |      41 |       0 |   0.0 |      10 |       0 |   0.0
        D:3 |      54 |       2 |   3.6 |      10 |       1 |   9.1
        D:4 |      13 |       0 |   0.0 |       1 |       0 |   0.0
            +---------+---------+-------+---------+---------+-------
